 Dungeon Crawl Stone Soup version 0.17-a0-1382-gc46a074 (webtiles) character file.

77 TheWorldSmith the Covered (level 4, -5/40 HPs)
             Began as a Minotaur Fighter on June 15, 2015.
             Killed from afar by an orc wizard (9 damage)
             ... with a magic dart
             ... on level 3 of the Dungeon.
             The game lasted 00:09:44 (1572 turns).

TheWorldSmith the Covered (Minotaur Fighter)        Turns: 1572, Time: 00:09:45

Health: -5/40      AC:  7    Str: 21    XL:     4   Next: 13%
Magic:  3/3        EV:  8    Int:  5    God:
Gold:   117        SH:  0    Dex: 10    Spells: 0 memorised, 3 levels left

rFire  . . .     SeeInvis .     a - +0 war axe
rCold  . . .     Clarity  .     b - +0 scale mail
rNeg   . . .     SustAt   .     c - +0 shield
rPois  .         Gourm    .     (helmet restricted)
rElec  .         Spirit   .     (no cloak)
rCorr  .         Warding  .     (no gloves)
rMut   .         Stasis   .     (no boots)
MR     .....                    (no amulet)
Stlth  ..........               (no ring)
                                (no ring)

@: confused, not resistant to hostile enchantments, extremely unstealthy
A: retaliatory headbutt, horns 2
a: no special abilities


You were on level 3 of the Dungeon.
You were not hungry.

You visited 1 branch of the dungeon, and saw 3 of its levels.

You collected 117 gold pieces.

Inventory:

Hand weapons
 a - a +0 war axe (weapon)
Armour
 b - a +0 scale mail (worn)
 c - a +0 shield (worn)
Jewellery
 i - an uncursed ring of poison resistance {unknown}
 m - an uncursed amulet of rage {unknown}
Scrolls
 g - a scroll of amnesia {unknown}
 l - 2 scrolls of remove curse {unknown}
 n - a scroll of fear {unknown}
 p - a scroll of teleportation {unknown}
 q - 3 scrolls of enchant weapon {unknown}
 s - a scroll of noise {unknown}
Potions
 d - a potion of might
 f - a potion of haste {unknown}
 j - 2 potions of heal wounds {unknown}
 k - a potion of curing {unknown}
 o - a potion of poison {unknown}
 r - a potion of ambrosia {unknown}
 t - a potion of invisibility {unknown}
Comestibles
 e - a bread ration
 h - 3 meat rations


   Skills:
 + Level 3.9 Fighting
 + Level 3.2 Axes
 + Level 4.4 Armour
 + Level 1.5 Dodging
 + Level 0.3 Stealth
 + Level 4.1 Shields


You had 3 spell levels left.
You didn't know any spells.

Dungeon Overview and Level Annotations

Branches:
Dungeon (3/15)

Altars:


Innate Abilities, Weirdness & Mutations

You reflexively headbutt those who attack you in melee.
You have a pair of horns on your head.


Message History

Something hits you but does no damage.
You continue eating.
The orc wizard barely misses you. Something hits you but does no damage.
The orc misses you.
You continue eating.
You block the orc wizard's attack. The orc wizard closely misses you.
You hear some strange, mumbled words.
You are confused.
The orc hits you but does no damage.
You finish eating.
That bread ration really hit the spot!
Your shield and scale mail prevent you from hitting the orc wizard.
You headbutt the orc wizard!
The orc wizard is severely wounded.
You closely miss something.
The orc wizard gestures wildly while chanting.
The orc wizard blinks!
You hear some strange, mumbled words.
A magic dart appears from out of thin air!
The magic dart hits you!
You die...

.. .#...#........
#§#.###.#########
#.........# #
##.####.#.#
#.######.# #.#.#
#.....o..## #.# #
#)!.....)?###.#
#.......o.....#
#....§@.#..##.#
#.......##.##.#
##########.##.#
#..#.# ##.#.#
...# o...


You could see an orc wizard and an orc.

Vanquished Creatures
  An adder (D:2)
  2 oozes
  3 worms (D:2)
  An orc (D:3)
  7 bats
  4 giant cockroaches
  3 goblins
  13 hobgoblins
  A quokka (D:2)
  2 giant newts
  4 kobolds
  6 rats
47 creatures vanquished.

Notes
Turn   | Place    | Note
--------------------------------------------------------------
     0 | D:1      | TheWorldSmith the Minotaur Fighter began the quest for the Orb.
     0 | D:1      | Reached XP level 1. HP: 19/19 MP: 0/0
   122 | D:1      | Reached skill level 4 in Shields
   131 | D:1      | Reached XP level 2. HP: 20/27 MP: 1/1
   722 | D:2      | Reached XP level 3. HP: 31/33 MP: 2/2
  1006 | D:2      | Reached skill level 1 in Dodging
  1197 | D:2      | Reached XP level 4. HP: 40/40 MP: 3/3
  1572 | D:3      | Killed from afar by an orc wizard

Vault maps used:
D:1:      lemuel_arrival_broad_hall
D:3:      gammafunk_temple_overflow_elements, gammafunk_temple_overflow_statue,
          ecumenical_altar_1

Action                   |  1- 3 |  4- 6 || total
-------------------------+-------+-------++-------
Melee: War axe           |    79 |    21 ||   100
  Eat: Bread ration      |       |     1 ||     1
